 Dungeon Crawl Stone Soup version 0.19.0-18-g426998a (webtiles) character file.

1047 JeffiDaFish the Cudgeler (level 8, 0/48 HPs)
             Began as a Gargoyle Fighter on Nov 11, 2016.
             Was a Believer of Makhleb.
             Killed by divine providence
             ... invoked by an orc priest
              (15 damage)
             ... on level 6 of the Dungeon.
             The game lasted 00:11:26 (4565 turns).

JeffiDaFish the Cudgeler (Gargoyle Fighter)         Turns: 4565, Time: 00:11:27

Health: 0/48       AC: 22    Str: 22    XL:     8   Next: 25%
Magic:  8/8        EV:  5    Int:  9    God:    Makhleb [**....]
Gold:   195        SH: 10    Dex:  9    Spells: 0 memorised, 7 levels left

rFire  . . .     SeeInvis .     q - +1 morningstar
rCold  . . .     Gourm    .     k - +1 plate armour
rNeg   + . .     Faith    .     c - +0 shield
rPois  ∞         Spirit   .     e - +1 hat
rElec  +         Reflect  .     g - +0 cloak
rCorr  +         Harm     .     n - +0 pair of gloves
MR     .....                    (no boots)
Stlth  ..........               (no amulet)
                                (no ring)
                                i - ring of resist corrosion

@: no status effects
A: negative energy resistance 1, electricity resistance, unbreathing,
petrification resistance, rot immunity, AC +5
a: Minor Destruction, Renounce Religion


You were on level 6 of the Dungeon.
You worshipped Makhleb.
Makhleb was pleased with you.
You were not hungry.

You visited 1 branch of the dungeon, and saw 6 of its levels.

You collected 195 gold pieces.

Inventory:

Hand Weapons
 q - a +1 morningstar (weapon)
Armour
 c - a +0 shield (worn)
 e - a +1 hat (worn)
 g - a +0 cloak (worn)
 k - a +1 plate armour (worn)
 n - a +0 pair of gloves (worn)
Jewellery
 i - a ring of resist corrosion (left hand)
Scrolls
 j - 3 scrolls of teleportation
 o - 2 scrolls of identify
 p - a scroll of recharging
Potions
 d - 2 potions of might
 l - 5 potions of curing
 r - a potion of heal wounds
Comestibles
 a - a royal jelly
 b - 2 chunks of flesh
 f - 7 bread rations
 h - a meat ration
 m - a slice of pizza


   Skills:
 + Level 4.9 Fighting
 + Level 6.2 Maces & Flails
 + Level 5.7 Armour
 + Level 0.8 Dodging
 + Level 0.5 Stealth
 + Level 5.9 Shields


You had 7 spell levels left.
You didn't know any spells.

Dungeon Overview and Level Annotations

Branches:
Dungeon (6/15)
 Temple: D:4-7

Altars:
Cheibriados
Dithmenos
Makhleb
Qazlal
Ru

Portals:
Sewer: D:6


Innate Abilities, Weirdness & Mutations

You are resistant to torment.
Your stone body is resilient. (AC +5)
You are immune to poison.
You resist negative energy. (rN+)
You are resistant to electric shocks. (rElec)
You can survive without breathing.
You are immune to petrification.
You are immune to rotting.


Message History

A magic dart appears from out of thin air!
The magic dart hits you!
The howler monkey hoots and howls with incredible vigour!
You hear a shout! x2
Unknown command.
You sock something!
The orc priest invokes the aid of Beogh against you.
Beogh smites you!
Something hits you but does no damage. x2
You puncture something! Makhleb accepts your kill.
Reactivating autopickup.
You feel a bit more experienced.
An orc comes into view. It is wielding a flail.
Unknown command.
You puncture the orc!
You kill the orc!
Makhleb accepts your kill.
The orc priest calls down the wrath of Beogh upon you.
Beogh smites you!
You die...

## ###..# ≈≈ #....##
.# ##..# #.....##
.####...#+#####......#
.....................+
.####...####.........#
.# ##...# ##.......##
.# ###.# ##.....## .#
.# ##...## .# .# ##@##
.# #)# ## #o#


#hc oo. ..o. .... ....## You could see a centaur, a howler monkey, an orc priest
and 3 orcs.

Vanquished Creatures
  Duvessa (D:5)
  2 sky beasts (D:5)
  An ogre (D:4)
  Blork the orc (D:5)
  Dowan (D:5)
  A crimson imp (D:5)
  A centaur skeleton (D:4)
  2 hounds
  2 orc priests (D:4)
  4 orc wizards
  2 worker ants
  An iguana (D:5)
  A howler monkey skeleton (D:5)
  8 adders
  3 worms
  A dart slug (D:2)
  4 leopard geckos
  14 orcs
  4 bats
  3 giant cockroaches
  10 goblins
  6 hobgoblins
  10 jackals
  2 quokkas
  A ball python (D:3)
  5 frilled lizards
  10 kobolds
  A leopard gecko zombie (D:5)
  5 rats
107 creatures vanquished.

Notes
Turn   | Place    | Note
-------+----------+-------------------------------------------
     0 | D:1      | JeffiDaFish the Gargoyle Fighter began the quest for the Orb.
     0 | D:1      | Reached XP level 1. HP: 14/14 MP: 1/1
    25 | D:1      | Found a snail-covered altar of Cheibriados.
   265 | D:1      | Reached XP level 2. HP: 17/19 MP: 2/2
   886 | D:2      | Reached XP level 3. HP: 19/23 MP: 3/3
  1201 | D:2      | Found a burning altar of Makhleb.
  1205 | D:2      | Became a worshipper of Makhleb the Destroyer
  1296 | D:2      | Found a sacrificial altar of Ru.
  1317 | D:2      | Reached XP level 4. HP: 24/29 MP: 4/4
  1694 | D:2      | Reached XP level 5. HP: 33/33 MP: 5/5
  1883 | D:2      | Reached skill level 3 in Maces & Flails
  2167 | D:3      | Reached * piety under Makhleb
  2693 | D:4      | Reached XP level 6. HP: 38/38 MP: 6/6
  2734 | D:4      | Found a stormy altar of Qazlal.
  2778 | D:4      | Found a shadowy altar of Dithmenos.
  2863 | D:4      | Reached skill level 4 in Maces & Flails
  3352 | D:5      | Entered Level 5 of the Dungeon
  3355 | D:5      | Reached XP level 7. HP: 44/44 MP: 7/7
  3465 | D:5      | Reached ** piety under Makhleb
  3465 | D:5      | Reached skill level 5 in Armour
  3465 | D:5      | Reached skill level 5 in Shields
  3616 | D:5      | Noticed Duvessa
  3624 | D:5      | Noticed Dowan
  3626 | D:5      | Killed Duvessa
  3626 | D:5      | Reached skill level 5 in Maces & Flails
  3632 | D:5      | Killed Dowan
  3965 | D:5      | Reached XP level 8. HP: 39/48 MP: 8/8
  4095 | D:5      | Noticed Blork the orc
  4122 | D:5      | Killed Blork the orc
  4122 | D:5      | Reached skill level 6 in Maces & Flails
  4504 | D:6      | Found a glowing drain.
  4565 | D:6      | Killed from afar by an orc priest

Skill      XL: |  1  2  3  4  5  6  7  8 |
---------------+-------------------------+-----
Armour         | 4 5 |  5.7
Fighting       | 4 |  4.9
Maces & Flails | 3 4 5 6 |  6.2
Shields        | 4 5 |  5.9
Dodging        | |  0.8
Stealth        | |  0.5

Action                   |  1- 3 |  4- 6 |  7- 9 || total
-------------------------+-------+-------+-------++-------
Melee: Flail             |   134 |   202 |       ||   336
       Whip              |       |    27 |       ||    27
       Morningstar       |       |     5 |   173 ||   178
  Use: Scroll            |     4 |     7 |     1 ||    12
       Potion            |     4 |     2 |     3 ||     9
 Stab: Paralysed         |       |     1 |       ||     1
  Eat: Chunk             |     1 |     7 |     5 ||    13
Armor: Scale mail        |    65 |       |       ||    65
       Plate armour      |    11 |   222 |   112 ||   345
Dodge: Dodged            |    37 |    42 |    17 ||    96
Block: Shield            |    69 |   165 |    70 ||   304
